 Dungeon Crawl Stone Soup version 0.25-a0-875-geaba134f46 (webtiles) character file.

Game seed: 4292919048784205631, levelgen mode: classic

98 EnegeticOcto the Skirmisher (level 4, -5/33 HPs)
             Began as an Octopode Fighter on May 1, 2020.
             Was an Initiate of Gozag.
             Slain by a gnoll
             ... wielding a +0 club
              (7 damage)
             ... on level 3 of the Dungeon.
             The game lasted 00:00:53 (1634 turns).

EnegeticOcto the Skirmisher (Octopode Fighter)      Turns: 1634, Time: 00:00:53

Health: -5/33      AC:  1    Str: 15    XL:     4   Next: 69%
Magic:  4/4        EV: 12    Int: 10    God:    Gozag
Gold:   185        SH:  9    Dex: 12    Spells: 3/3 levels left

rFire    . . .     SeeInvis .   a - +0 long sword
rCold    . . .     Gourm    .   b - +0 kite shield
rNeg     . . .     Faith    .   (helmet restricted)
rPois    .         Spirit   .   (no amulet)
rElec    .         Reflect  .   (no ring)
rCorr    .         Harm     .   (no ring)
MR       .....                  (no ring)
Stlth    ++........             (no ring)
HPRegen  0.11/turn              (no ring)
MPRegen  0.09/turn              (no ring)
                                (no ring)
                                (no ring)

@: no status effects
A: almost no armour, stealthy swim, amphibious, 8 rings, constrict 8, camouflage
1, gelatinous body 1
a: Potion Petition, Call Merchant, Bribe Branch, Renounce Religion


You were on level 3 of the Dungeon.
You worshipped Gozag.
Gozag was aware of your devotion.
You were not hungry.

You visited 1 branch of the dungeon, and saw 3 of its levels.

You collected 228 gold pieces.
You paid 43 gold pieces to Gozag.

Inventory:

Hand Weapons
 a - a +0 long sword (weapon)
Missiles
 i - 5 silver javelins (quivered)
 l - 4 silver boomerangs
Armour
 b - a +0 kite shield (worn)
Jewellery
 r - an uncursed ring of flight {unknown}
Scrolls
 c - 2 scrolls of fear {unknown}
 d - 5 scrolls of identify {unknown}
 f - 3 scrolls of amnesia {unknown}
 h - a scroll of teleportation {unknown}
 j - a scroll of enchant weapon {unknown}
 n - a scroll of magic mapping {unknown}
 p - a scroll of fog {unknown}
 q - a scroll of enchant armour {unknown}
Potions
 g - a potion of mutation {unknown}
 k - 3 potions of might {@q3}
 m - a potion of ambrosia {unknown}
 o - a potion of degeneration {unknown}
Comestibles
 e - 5 rations


   Skills:
 * Level 3.9 Fighting
 * Level 3.1 Long Blades
 + Level 3.4 Dodging
 + Level 3.4 Shields


You had 3 spell levels left.
You didn't know any spells.
Your spell library was empty.

Dungeon Overview and Level Annotations

Branches:
Dungeon (3/15)

Altars:
Gozag
Makhleb


Innate Abilities, Weirdness & Mutations

You cannot wear most types of armour.
You are very stealthy in the water. (Stealth+)
You are amphibious.
You can wear up to eight rings at the same time.
You can use your tentacles to constrict eight enemies at once.
Your skin changes colour to match your surroundings (Stealth+).
Your rubbery body absorbs attacks. (AC +1, EV +1)


Message History

The bat misses you.
You riposte.
You slash the bat!
You kill the bat!
You block the goblin's attack. You block the bat's attack.
You block the goblin's attack.
You barely miss the goblin. Your grab misses the goblin.
Your squeeze misses the goblin.
The goblin is moderately wounded.
The bat becomes distracted by the nearby gold, dreaming of imaginary riches.
You block the goblin's attack.
You slash the goblin!
You kill the goblin!
The bat is no longer distracted by gold.
The bat closely misses you.
You riposte.
You miss the bat. You grab the bat. You squeeze the bat.
The bat is heavily wounded.
The bat escapes!
You barely miss the bat. Your grab misses the bat.
The bat is heavily wounded.
The bat misses you.
You riposte.
You closely miss the bat. Your grab misses the bat.
Your squeeze misses the bat.
The bat is heavily wounded.
The bat becomes distracted by the nearby gold, dreaming of imaginary riches.
You hit the frilled lizard.
You kill the frilled lizard!
The bat is no longer distracted by gold.
You block the bat's attack.
The bat becomes distracted by the nearby gold, dreaming of imaginary riches.
You closely miss the bat.
The bat is no longer distracted by gold.
Your grab misses the bat.
The bat is moderately wounded.
The bat hits you but does no damage.
The bat becomes distracted by the nearby gold, dreaming of imaginary riches.
You slash the bat!
You kill the bat!
No target in view!
You now have 164 gold pieces (gained 6).
You now have 177 gold pieces (gained 13).
You see here a +0 dagger.
You now have 185 gold pieces (gained 8).
d - 5 scrolls labeled ZYLEBB FO ACATZ (gained 3)
A gnoll comes into view. It is wielding a +0 halberd.
You see here 13 gold pieces.
A gnoll is nearby!
A gnoll is nearby!
Found 2 potions of might.
An ooze and a gnoll come into view.
A gnoll comes into view. It is wielding a +0 club.
The gnoll shouts!
The ooze quivers.
The gnoll shouts! x2; You hear a shout!
A gnoll comes into view.
A rat comes into view.
The gnoll throws a throwing net.
The throwing net hits you.
You become entangled in the net!
You see here a throwing net.
You struggle against the net.
You struggle against the net.
You struggle against the net.
There are monsters nearby!
There are monsters nearby!
There are monsters nearby!
There are monsters nearby!
You struggle against the net.
The ooze hits you.
You rip the net and break free!
The ooze closely misses you.
You riposte.
Your shield prevents you from hitting the ooze.
Your squeeze misses the ooze. You block the gnoll's attack.
You slash the gnoll! You grab the gnoll.
The gnoll is severely wounded.
You constrict the gnoll. The ooze hits you but does no damage.
The gnoll escapes!
You block the ooze's attack. The gnoll barely misses you.
You riposte.
You hit the gnoll. You grab the gnoll. You squeeze the gnoll.
The gnoll is lightly wounded.
The gnoll completely misses you.
You release your grip on the gnoll.
You block the gnoll's attack. The ooze misses you.
You riposte.
You slash the ooze!
The ooze is severely wounded.
You hit the gnoll. Your grab misses the gnoll.
The gnoll is lightly wounded.
You block the gnoll's attack. The gnoll misses you.
The rat bites you but does no damage. The gnoll hits you with a +0 club!
The ooze hits you. The gnoll hits you. The gnoll barely misses you.
You hit the gnoll. Your grab misses the gnoll.
You squeeze the gnoll, but do no damage.
The gnoll is moderately wounded.
You block the rat's attack. You block the ooze's attack.
The gnoll closely misses you. The gnoll barely misses you.
The gnoll closely misses you. The gnoll hits you with a +0 halberd!
* * * LOW HITPOINT WARNING * * *
The rat bites you.
* * * LOW HITPOINT WARNING * * *
You hit the gnoll. Your grab misses the gnoll.
The gnoll is severely wounded.
The ooze hits you.
* * * LOW HITPOINT WARNING * * *
The gnoll barely misses you.
You riposte.
You hit the gnoll. Your grab misses the gnoll. Your squeeze misses the gnoll.
The gnoll is heavily wounded.
The gnoll hits you with a +0 club!
You die...
Your body crumbles into a pile of gold.

.. .# ####### ########.#
.....###### #........##
#.........# #.........#
#!........# #.......#.#
#...g......
#<......#.####.g@r......
#..............gJg......
#.......................
#......................#
#..........$...........#
#######...............##
#)..............#
#.................
.............!.....


You could see 4 gnolls, an ooze and a rat.

Vanquished Creatures
  A crimson imp (D:2)
  2 gnolls (D:1)
  2 worms (D:2)
  A dart slug (D:2)
  2 giant cockroaches
  7 hobgoblins
  5 kobolds
  A quokka (D:2)
  6 bats
  3 frilled lizards
  3 goblins
  3 rats
36 creatures vanquished.

Notes
Turn   | Place    | Note
-------+----------+-------------------------------------------
     0 | D:1      | EnegeticOcto the Octopode Fighter began the quest for the
                  | Orb.
     0 | D:1      | Reached XP level 1. HP: 16/16 MP: 1/1
   195 | D:1      | Reached XP level 2. HP: 21/21 MP: 2/2
   256 | D:1      | Reached XP level 3. HP: 23/26 MP: 3/3
   925 | D:2      | Found an opulent altar of Gozag.
   925 | D:2      | Found a burning altar of Makhleb.
   991 | D:2      | Became a worshipper of Gozag Ym Sagoz the Greedy
  1113 | D:2      | Reached XP level 4. HP: 29/33 MP: 4/4
  1634 | D:3      | Slain by a gnoll

Levels and vault maps discovered:
D:1:      moated_graveyard_arrival, layout_rooms, minivault_26,
          minmay_misc_feat_x, minmay_pentomino_q2
D:2:      layout_basic, gammafunk_temple_overflow_wave
D:3:      layout_rooms, grunt_temple_overflow_open, cheibrodos_sewer_entry_drain

Skill      XL: |  1  2  3 |
---------------+----------+-----
Long Blades    | 3 |  3.1
Fighting       | |  3.9
Dodging        | |  3.4
Shields        | |  3.4

Action                   |  1- 3 |  4- 6 || total
-------------------------+-------+-------++-------
Melee: Long sword        |    43 |    17 ||    60
       Constrict         |    15 |     5 ||    20
       Tentacles         |    13 |     6 ||    19
 Stab: Sleeping          |     8 |     1 ||     9
       Distracted        |     1 |       ||     1
  Eat: Ration            |     1 |       ||     1
Armor: Skin              |     4 |     3 ||     7
Dodge: Dodged            |    12 |    14 ||    26
Block: Kite shield       |     8 |    13 ||    21
       Rpst.: Long sword |     3 |     7 ||    10

Table legend:
 A = Non-vault XP
 B = Vault XP
 C = Vault XP percentage of total XP
 D = Non-vault monster count
 E = Vault monster count
 F = Vault count percentage of total count
                 A         B        C        D         E       F
            +---------+---------+-------+---------+---------+-------
      Total |     123 |      17 |  12.1 |      34 |       2 |   5.6
            +---------+---------+-------+---------+---------+-------
        D:1 |      35 |      17 |  32.7 |      13 |       2 |  13.3
        D:2 |      82 |       0 |   0.0 |      17 |       0 |   0.0
        D:3 |       6 |       0 |   0.0 |       4 |       0 |   0.0
            +---------+---------+-------+---------+---------+-------
